 Dungeon Crawl Stone Soup version 0.19.0-2-gae57169 (webtiles) character file.

437 Patchouli the Caller (level 7, 0/60 HPs)
             Began as a Tengu Summoner on Nov 5, 2016.
             Was an Initiate of Sif Muna.
             Succumbed to a killer bee's poison
             ... on level 7 of the Dungeon.
             The game lasted 00:18:21 (2562 turns).

Patchouli the Caller (Tengu Summoner)               Turns: 2562, Time: 00:18:22

Health: 0/60       AC: 23    Str: 12    XL:     7   Next: 1%
Magic:  8/13       EV:  2    Int: 18    God:    Sif Muna [......]
Gold:   131        SH:  0    Dex: 14    Spells: 3 memorised, 4 levels left

rFire  + . .     SeeInvis .     a - +0 rod of inaccuracy (2/13)
rCold  . . .     Gourm    .     (armour currently unavailable)
rNeg   + + +     Faith    .     (no shield)
rPois  +         Spirit   .     (helmet currently unavailable)
rElec  .         Reflect  .     (cloak currently unavailable)
rCorr  .         Harm     .     (gloves currently unavailable)
MR     +....     NoTele   +     (boots unavailable)
Stlth  ++........               (no amulet)
                                s - +4 ring of strength
                                k - ring of protection from fire

@: lethally poisoned (0 -> -5), tree-form, very slightly contaminated, hasted,
very quick
A: (beak), (talons 0), magic resistance 1, mutation resistance 1, able to fly 1
a: Fly, Renounce Religion


You were on level 7 of the Dungeon.
You worshipped Sif Muna.
Sif Muna was noncommittal.
You were near starving.
You were a tree.
You visited 2 branches of the dungeon, and saw 8 of its levels.

You collected 252 gold pieces.
You spent 121 gold pieces at shops.

Inventory:

Hand Weapons
 b - a +2 flail of protection
 e - a +0 long sword
 m - a +1 hand axe of flaming
Armour
 g - a +1 robe (melded)
Rods
 a - a +0 rod of inaccuracy (2/13) (in branch)
   (You found it on level 7 of the Dungeon)
Jewellery
 k - a ring of protection from fire (left branch)
 s - a +4 ring of strength (right branch)
Wands
 t - a wand of disintegration (10/24)
Scrolls
 n - 2 scrolls of identify
 o - 3 scrolls of amnesia
Potions
 j - a potion of flight
Books
 l - a book of Callings

   Spells                             Type                      Level
   a - Summon Small Mammal            Summoning                    1
   b - Call Imp                       Summoning                    2
   c - Call Canine Familiar           Summoning                    3
   d - Summon Guardian Golem          Hexes/Summoning              3
   e - Summon Lightning Spire         Summoning/Air                4
   f - Summon Ice Beast               Ice/Summoning                4
Comestibles
 c - 3 bread rations
 p - a meat ration


   Skills:
 + Level 2.2 Fighting
 + Level 3.1 Armour
 + Level 3.1 Dodging
 - Level 2.0 Stealth
 * Level 3.7 Spellcasting
 * Level 6.0 Summonings
 * Level 2.5 Air Magic
 + Level 0.6 Invocations


You had 4 spell levels left.
You knew the following spells:

 Your Spells              Type           Power        Failure   Level  Hunger
b - Call Imp              Summ           ####....     1%          2    ##.....
c - Call Canine Familiar  Summ           ####....     3%          3    ###....
s - Summon Lightning Spi  Summ/Air       ###.....     28%         4    ####...


Dungeon Overview and Level Annotations

Branches:
Dungeon (7/15)             Temple (1/1) D:6

Altars:
Ashenzari
Cheibriados
Fedhas
Gozag
Kikubaaqudgha
Makhleb
Sif Muna
Vehumet
Xom
Zin
The Shining One

Shops:
D:4 (   D:5 !

Annotations:
D:3 Ijyb


Innate Abilities, Weirdness & Mutations

((You have a beak for a mouth.))
((You have claws for feet.))
You can fly.
You are resistant to hostile enchantments. (MR+)
You are somewhat resistant to further mutation.


Message History

* * * LOW HITPOINT WARNING * * *
You feel sick. The killer bee stings you.
* * * LOW HITPOINT WARNING * * *
Evoke which item? (* to show all) (? for menu, Esc to quit)
Zapping:
t - a wand of disintegration {zapped: 2} (will waste charges)
Press: ? - help, Shift-Dir - straight line, f/p - killer bee
Aim: a killer bee (chance to defeat MR: 73%)
The killer bee is blasted.
You blow up the killer bee!
Sif Muna accepts your kill.
You have reached level 7!
Evoking this partially-identified wand wasted a few charges.
The killer bee stings you but does no damage.
Evoke which item? (* to show all) (? for menu, Esc to quit)
Zapping:
t - a wand of disintegration {zapped: 5} (will waste charges)
Press: ? - help, Shift-Dir - straight line, f/p - killer bee
Aim: a killer bee (chance to defeat MR: 73%)
The killer bee struggles to resist.
Evoking this partially-identified wand wasted a few charges.
You die...

#.# #.# #.. #.# #.. #.# #.#
######.#####.#
#####..........#.#
...............#5#
...............#h#
...............#♣#
...............#y#
......(........#y#
......####.#####.# ......#
#.#####.#####.....yy.
##########.##..[..............
#.............######.......
#.......##.#.....# .......
##.......##.#.###.# .>.....


You could see 2 killer bees, a friendly hound and a friendly shadow imp.

Vanquished Creatures
  4 killer bees (D:7)
  A worker ant (D:4)
  A shadow imp (D:5)
  An orc (D:5)
  3 giant cockroaches
  3 jackals (D:4)
  2 frilled lizards
  A kobold (D:3)
16 creatures vanquished.

Vanquished Creatures (collateral kills)
  A hornet zombie (D:6)
  An ogre (D:5)
  A howler monkey (D:5)
  A crimson imp (D:6)
  2 hounds
  A centaur skeleton (D:6)
  An orc wizard (D:6)
  3 gnolls (D:4)
  2 adders (D:4)
  An ooze (D:6)
  A worm (D:3)
  3 orcs
  3 giant cockroaches
  A jackal (D:4)
  2 ball pythons
  A bat (D:3)
  A frilled lizard (D:2)
  A jackal zombie (D:5)
  A kobold (D:3)
  A rat (D:1)
29 creatures vanquished.

Grand Total: 45 creatures vanquished

Notes
Turn   | Place    | Note
-------+----------+-------------------------------------------
     0 | D:1      | Patchouli the Tengu Summoner began the quest for the Orb.
     0 | D:1      | Reached XP level 1. HP: 10/10 MP: 4/4
    41 | D:2      | Found a blossoming altar of Fedhas.
   112 | D:3      | Found a radiant altar of Vehumet.
   197 | D:3      | Reached XP level 2. HP: 12/16 MP: 6/6
   201 | D:3      | Learned a level 2 spell: Call Imp
   266 | D:4      | Found a burning altar of Makhleb.
   269 | D:4      | Found a glowing silver altar of Zin.
   270 | D:4      | Noticed a blizzard demon
   270 | D:4      | Noticed an angel
   304 | D:4      | Reached skill level 1 in Fighting
   359 | D:4      | Reached skill level 5 in Summonings
   364 | D:4      | Found Cuuj Umeka's Antique Weapon Boutique.
   471 | D:4      | Reached XP level 3. HP: 11/20 MP: 2/7
   480 | D:4      | Learned a level 3 spell: Call Canine Familiar
   583 | D:4      | Reached skill level 1 in Armour
   704 | D:4      | Found a faded altar of an unknown god.
   704 | D:4      | Found a faded altar of an unknown god.
   709 | D:4      | Found a faded altar of an unknown god.
   712 | D:4      | Found an ancient bone altar of Kikubaaqudgha.
   714 | D:4      | Found a faded altar of an unknown god.
   805 | D:4      | Reached XP level 4. HP: 25/25 MP: 1/9
   890 | D:4      | Found an opulent altar of Gozag.
   901 | D:3      | Noticed Ijyb
   939 | D:5      | Entered Level 5 of the Dungeon
  1060 | D:4      | Found a glowing golden altar of the Shining One.
  1067 | D:5      | Noticed an ogre
  1169 | D:5      | Killed an ogre
  1169 | D:5      | Gained mutation: You can fly. [Tengu growth]
  1169 | D:5      | Reached XP level 5. HP: 26/30 MP: 0/10
  1365 | D:6      | Found an opulent altar of Gozag.
  1434 | D:6      | Found a staircase to the Ecumenical Temple.
  1444 | Temple   | Entered the Ecumenical Temple
  1467 | Temple   | Became a worshipper of Sif Muna the Loreminder
  1527 | D:6      | Learned a level 4 spell: Summon Lightning Spire
  1609 | D:6      | Reached skill level 1 in Air Magic
  1987 | D:5      | Found Piraplun's Distillery.
  1995 | D:5      | Bought a potion of ambrosia for 88 gold pieces
  1995 | D:5      | Bought a potion of curing for 33 gold pieces
  2010 | D:5      | Reached XP level 6. HP: 35/35 MP: 3/11
  2415 | D:7      | Identified a +0 rod of inaccuracy (13/13) (You found it on level 7 of the Dungeon)
  2557 | D:7      | Gained mutation: You are resistant to hostile enchantments. (MR+) [potion of mutation]
  2557 | D:7      | Gained mutation: You are somewhat resistant to further mutation. [potion of mutation]
  2560 | D:7      | Reached skill level 6 in Summonings
  2560 | D:7      | HP: 1/52 [killer bee (5)]
  2561 | D:7      | Reached XP level 7. HP: 1/40 MP: 7/13
  2562 | D:7      | Succumbed to a killer bee's poison

Skill      XL: |  1  2  3  4  5  6 |
---------------+-------------------+-----
Fighting       | 1 2 |  2.2
Summonings     | 5 6 |  6.0
Armour         | 1 2 3 |  3.1
Spellcasting   | 3 |  3.7
Air Magic      | 1 2 |  2.5
Dodging        | 3 |  3.1
Stealth        | |  2.0
Invocations    | |  0.6

Action                   |  1- 3 |  4- 6 |  7- 9 || total
-------------------------+-------+-------+-------++-------
Melee: Long sword        |     8 |       |       ||     8
       Kick              |     1 |     2 |       ||     3
       Peck              |     1 |     1 |       ||     2
       Flail             |       |    18 |       ||    18
 Cast: Summon Small Mamm |    14 |       |       ||    14
       Call Imp          |    14 |    11 |       ||    25
       Call Canine Famil |     5 |    21 |       ||    26
Evoke: Rod               |       |     4 |       ||     4
       Wand              |       |     1 |     2 ||     3
  Use: Scroll            |     1 |     5 |       ||     6
       Potion            |       |     8 |       ||     8
 Stab: Sleeping          |     3 |       |       ||     3
  Eat: Chunk             |     1 |     6 |       ||     7
       Beef jerky        |       |     1 |       ||     1
Armor: Robe              |     5 |     2 |       ||     7
       Skin              |       |    20 |     1 ||    21
Dodge: Dodged            |    13 |    14 |       ||    27
       Rpst.: Long sword |     6 |       |       ||     6
